 Dungeon Crawl Stone Soup version 0.19-a0-1155-gb6eeeff (webtiles) character file.

11394 Duffy the Carver (level 11, 0/103 HPs)
             Began as a Minotaur Gladiator on Aug 13, 2016.
             Was the Champion of Cheibriados.
             Slain by a white ugly thing (15 damage)
             ... on level 11 of the Dungeon.
             The game lasted 00:13:47 (10289 turns).

Duffy the Carver (Minotaur Gladiator)              Turns: 10289, Time: 00:13:48

Health: 0/103      AC: 11    Str: 35    XL:     11   Next: 48%
Magic:  3/15       EV: 22    Int: 20    God:    Cheibriados [******]
Gold:   216        SH:  0    Dex: 29    Spells: 0 memorised, 10 levels left

rFire  x . .     SeeInvis .     a - +0 long sword
rCold  + . .     Gourm    .     D - +5 ring mail of Untruth {+Blink rPois}
rNeg   . . .     Faith    +     (no shield)
rPois  +         Spirit   .     c - +0 hat
rElec  .         Dismiss  .     p - +0 cloak
rCorr  .         Reflect  .     (no gloves)
MR     .....     Harm     .     (no boots)
Stlth  ++........               B - amulet of faith
                                E - ring of flight
                                H - ring of ice

@: very slow
A: retaliatory headbutt, horns 2
a: Bend Time, Temporal Distortion, Slouch, Step From Time, Renounce Religion,
Evoke Blink, Evoke Flight


You were on level 11 of the Dungeon.
You worshipped Cheibriados.
Cheibriados was exalted by your worship.
You were very hungry.

You visited 1 branch of the dungeon, and saw 11 of its levels.

You collected 734 gold pieces.
You spent 518 gold pieces at shops.


Innate Abilities, Weirdness & Mutations

You reflexively headbutt those who attack you in melee.
You have a pair of horns on your head.


   Skills:
 - Level 11.6 Fighting
 + Level 12.7 Long Blades
 - Level 2.0 Throwing
 - Level 9.9 Dodging
 + Level 7.9 Invocations


You had 10 spell levels left.
You didn't know any spells.

Inventory:

Hand Weapons
 a - a +0 long sword (weapon)
Missiles
 d - 3 throwing nets (quivered)
Armour
 c - a +0 hat (worn)
 p - a +0 cloak (worn)
 D - the +5 ring mail of Untruth (worn) {+Blink rPois}

   It protects you from poison.
   It lets you blink.
Jewellery
 k - an uncursed ring of magical power
 B - an amulet of faith (around neck)
 E - a ring of flight (right hand)
 H - a ring of ice (left hand)
Wands
 m - a wand of digging (10/24)
 z - a wand of lightning (12/15)
 K - a wand of paralysis (10/24)
Scrolls
 n - 3 scrolls of teleportation
 q - 2 scrolls of recharging
 s - 2 scrolls of fear {unknown}
 t - 2 scrolls of enchant weapon {unknown}
 v - 2 scrolls of magic mapping
 y - 2 scrolls of remove curse {unknown}
 A - a scroll of noise {unknown}
 J - a scroll of vulnerability {unknown}
 L - a scroll of silence {unknown}
Potions
 b - a potion of brilliance {unknown}
 e - 3 potions of curing
 g - 3 potions of agility {unknown}
 h - 3 potions of invisibility
 i - 5 potions of lignification
 r - a potion of cancellation {unknown}
 u - a potion of might
 F - a potion of flight {unknown}
 I - a potion of heal wounds {unknown}
Miscellaneous
 C - a lamp of fire
Comestibles
 f - 10 bread rations
 j - 12 fruits
 l - 5 beef jerkies
 o - 3 chunks of flesh
 w - 10 slices of pizza
 x - 2 meat rations
 G - a royal jelly

Dungeon Overview and Level Annotations

Branches:
Dungeon (11/15)            Temple (0/1) D:4            Lair (0/6) D:10
    Orc: D:9-12

Altars:
Ashenzari
Cheibriados
Fedhas
Makhleb
Nemelex Xobeh
Okawaru
Pakellas
Ru
Sif Muna
Trog
Uskayaw
Yredelemnul
Zin
The Shining One

Shops:
D:5 [


Message History

The ogre is moderately wounded.
You slash the ogre!
The ogre is severely wounded.
The ogre completely misses you.
You riposte.
You slash the ogre!
You kill the ogre!
Cheibriados appreciates the change of pace.
No target in view!
You see here a giant spiked club.
There is an open door here.
You now have 216 gold pieces (gained 6).
Found 21 arrows.
Found a stone staircase leading down.
A white ugly thing comes into view.
There is an open door here.
You see here 21 arrows.
There is an open door here.
An iguana comes into view.
You see here 21 arrows.
The iguana hisses angrily.
The iguana completely misses you. You furiously retaliate!
You headbutt the iguana!!
You riposte.
You hit the iguana.
You kill the iguana!
Cheibriados thoroughly appreciates the change of pace.
The white ugly thing punches you! The white ugly thing freezes you!!
Found a trident.
There is an open door, spattered with blood here.
The white ugly thing punches you. The white ugly thing freezes you!
Put on which piece of jewellery? (? for menu, Esc to quit)
You're wearing all the rings you can.
Remove which one? (? for menu, Esc to cancel) < or
k - a ring of magical power; > or
E - a ring of flight You remove your ring of magical power.
You feel your magic capacity decrease. The white ugly thing punches you.
The white ugly thing freezes you!!
You feel more attuned to ice.
H - a ring of ice (left hand)
You closely miss the white ugly thing. You headbutt the white ugly thing.
The white ugly thing is lightly wounded.
The white ugly thing punches you but does no damage.
Use which ability? (? or * to list)
You warp the flow of time around you!
You feel somewhat more hungry.
Use which ability? (? or * to list)
You warp the flow of time around you!
You are feeling hungry.
Use which ability? (? or * to list)
You warp the flow of time around you!
You are feeling very hungry.
You hit the white ugly thing. You headbutt the white ugly thing.
The white ugly thing is lightly wounded.
The white ugly thing punches you. The white ugly thing freezes you! You resist.
You die...

#.# #. #.# # ##
#.# #####.. #.#
....... #.#
.>..... ####'##
.......
#.....####.......
#.....##u'%......
#.....##@#.......
#.....#..#.......
#.....#(##.......
#.....'.# ......)
#.....### #######
#.....# #######


You could see a white ugly thing.

Action                   |  1- 3 |  4- 6 |  7- 9 | 10-12 || total
-------------------------+-------+-------+-------+-------++-------
Melee: Long sword        |    83 |   161 |   212 |   285 ||   741
       Headbutt          |     9 |    45 |    81 |   118 ||   253
Invok: Slouch            |       |       |       |     1 ||     1
       Temporal Distorti |       |       |       |     3 ||     3
Evoke: Wand              |       |       |     1 |       ||     1
  Use: Scroll            |       |     6 |     3 |     1 ||    10
       Potion            |       |       |     1 |       ||     1
 Stab: Sleeping          |       |       |       |     3 ||     3
       Distracted        |       |       |       |     1 ||     1
  Eat: Chunk             |     2 |     4 |     6 |     7 ||    19
Armor: Leather armour    |    10 |       |       |       ||    10
       Ring mail         |     5 |       |       |    27 ||    32
       Chain mail        |     9 |    75 |    63 |       ||   147
Dodge: Dodged            |    42 |    64 |    97 |   214 ||   417

Notes
Turn   | Place    | Note
-------+----------+-------------------------------------------
     0 | D:1      | Duffy the Minotaur Gladiator began the quest for the Orb.
     0 | D:1      | Reached XP level 1. HP: 18/18 MP: 0/0
   346 | D:1      | Reached skill level 3 in Fighting
   346 | D:1      | Reached XP level 2. HP: 26/26 MP: 1/1
   488 | D:1      | Reached skill level 4 in Long Blades
   703 | D:2      | Found a snail-covered altar of Cheibriados.
   707 | D:2      | Became a worshipper of Cheibriados the Contemplative
  1006 | D:2      | Found a sacrificial altar of Ru.
  1049 | D:2      | Noticed Terence
  1057 | D:2      | Killed Terence
  1057 | D:2      | Reached XP level 3. HP: 17/33 MP: 2/2
  1206 | D:2      | Found a deep blue altar of Sif Muna.
  1365 | D:2      | Reached skill level 4 in Fighting
  1471 | D:2      | Reached XP level 4. HP: 40/40 MP: 3/3
  1477 | D:2      | Reached skill level 5 in Long Blades
  1571 | D:2      | Found an oddly glowing altar of Pakellas.
  1830 | D:2      | Reached * piety under Cheibriados
  1849 | D:3      | Noticed Robin
  1872 | D:2      | Killed Robin
  2072 | D:3      | Found an iron altar of Okawaru.
  2234 | D:3      | You fall through a shaft for 3 floors!
  2242 | D:6      | Reached ** piety under Cheibriados
  2242 | D:6      | Reached XP level 5. HP: 43/47 MP: 4/4
  2266 | D:5      | Entered Level 5 of the Dungeon
  2295 | D:5      | Found a blossoming altar of Fedhas.
  2301 | D:5      | Found Ytsoluimoh's Antique Armour Boutique.
  2304 | D:5      | Noticed Eustachio
  2326 | D:5      | Killed Eustachio
  2326 | D:5      | Reached skill level 5 in Fighting
  2326 | D:5      | Reached skill level 6 in Long Blades
  2326 | D:5      | Reached XP level 6. HP: 56/56 MP: 5/5
  2818 | D:3      | Reached skill level 6 in Fighting
  3362 | D:4      | Reached *** piety under Cheibriados
  3362 | D:4      | Reached skill level 7 in Long Blades
  3388 | D:4      | Reached skill level 4 in Dodging
  3390 | D:4      | Found a hide-covered altar of Uskayaw.
  3476 | D:4      | Reached XP level 7. HP: 47/63 MP: 6/6
  3621 | D:4      | Found a staircase to the Ecumenical Temple.
  4244 | D:5      | Reached **** piety under Cheibriados
  4244 | D:5      | Reached skill level 7 in Fighting
  4280 | D:5      | Reached skill level 5 in Dodging
  4432 | D:5      | Found a glowing silver altar of Zin.
  4433 | D:5      | Noticed an angel
  4453 | D:5      | Bought a crude chain mail for 266 gold pieces
  4463 | D:5      | Identified the +0 chain mail of Ocsyumod {+Inv rPois Dex-2 SInv} (You bought it in a shop on level 5 of the Dungeon)
  4515 | D:6      | Reached skill level 8 in Long Blades
  4515 | D:6      | Reached XP level 8. HP: 71/73 MP: 7/7
  4596 | D:6      | Found a shattered altar of Ashenzari.
  4667 | D:6      | Reached skill level 8 in Fighting
  4667 | D:6      | Reached skill level 6 in Dodging
  4693 | D:6      | Found a burning altar of Makhleb.
  5156 | D:7      | Reached skill level 9 in Long Blades
  5156 | D:7      | Reached skill level 1 in Invocations
  5504 | D:7      | Reached skill level 2 in Invocations
  5504 | D:7      | Reached XP level 9. HP: 49/82 MP: 9/9
  5509 | D:7      | Reached ***** piety under Cheibriados
  5509 | D:7      | Reached skill level 9 in Fighting
  5509 | D:7      | Reached skill level 7 in Dodging
  5518 | D:7      | Reached skill level 3 in Invocations
  6247 | D:7      | Found a glowing golden altar of the Shining One.
  6411 | D:7      | Noticed ilikecats's ghost (novice VSEn)
  6436 | D:7      | Killed ilikecats's ghost
  6436 | D:7      | Reached skill level 10 in Long Blades
  6602 | D:8      | Reached skill level 4 in Invocations
  6801 | D:8      | Noticed Grum
  6804 | D:8      | Reached skill level 8 in Dodging
  6810 | D:8      | Reached skill level 10 in Fighting
  6815 | D:8      | Killed Grum
  7038 | D:5      | Bought a jewelled ring mail for 252 gold pieces
  7048 | D:5      | Identified the +5 ring mail of Untruth {+Blink rPois} (You bought it in a shop on level 5 of the Dungeon)
  7132 | D:8      | Noticed Psyche
  7145 | D:8      | Killed Psyche
  7145 | D:8      | Reached XP level 10. HP: 93/93 MP: 12/12
  7615 | D:9      | Noticed Maurice
  7641 | D:8      | Killed Maurice
  7641 | D:8      | Reached skill level 5 in Invocations
  7874 | D:9      | Reached skill level 9 in Dodging
  7876 | D:9      | Reached skill level 11 in Fighting
  7876 | D:9      | Reached skill level 11 in Long Blades
  7947 | D:9      | Found a basalt altar of Yredelemnul.
  8345 | D:9      | Found a sparkling altar of Nemelex Xobeh.
  8510 | D:9      | Reached ****** piety under Cheibriados
  8729 | D:9      | Reached skill level 6 in Invocations
  8919 | D:10     | Entered Level 10 of the Dungeon
  8934 | D:10     | Found a staircase to the Lair.
  9063 | D:10     | Reached XP level 11. HP: 88/102 MP: 14/14
  9244 | D:10     | Found a bloodstained altar of Trog.
  9302 | D:10     | Noticed Snorg
  9314 | D:10     | Killed Snorg
  9314 | D:10     | Reached skill level 7 in Invocations
  9403 | D:10     | Reached skill level 12 in Long Blades
 10077 | D:11     | Noticed a brown ugly thing
 10083 | D:11     | Killed a brown ugly thing
 10278 | D:11     | Noticed a white ugly thing
 10289 | D:11     | Slain by a white ugly thing

Skill      XL: |  1  2  3  4  5  6  7  8  9 10 11 |
---------------+----------------------------------+-----
Fighting       | 3 4 5 6 7 8 10 11 | 11.6
Long Blades    | 4 5 6 7 8 9 10 11 12 | 12.7
Dodging        | 4 5 6 8 9 |  9.9
Invocations    | 2 4 6 7 |  7.9
Throwing       | |  2.0

Vault maps used:
D:1:      dpeg_arrival_boxorama
D:2:      lemuel_crystal_altar, marbit_many_paths, nicolae_ru_awakened_eye,
          led_sif_pool, uniq_terence
D:3:      first_bread, serial_co_window_serial, co_window_of_opportunity_a,
          co_window_paths_a, co_window_paths_a, co_window_cross_1,
          co_window_paths_a, co_window_paths_a, co_window_corner_a,
          co_window_corner_ca, co_window_2corner, co_window_2corner,
          co_window_of_opportunity_b, co_window_4corner_a, co_window_4corner_b,
          glass_columns_b, okawaru_ov_weapons_minmay, uniq_robin
D:4:      eat_drink_and_be_merry_uskayaw
D:5:      zin_angel, kennysheep_little_box, serial_shops, shop, uniq_eustachio
D:6:      ashenzari_altar_1, makhleb_heckhound_becter, grunt_ministairs_2,
          kennysheep_generic_room_6
D:7:      nicolae_tso_swordbearing_angel, grunt_livestock, nrook_uturn,
          serial_bayou_lake_a
D:8:      bh_walls_and_bars, uniq_grum, uniq_psyche
D:9:      lemuel_coloured_pillars_altar, lemuel_mausoleum_altar_yredelemnul,
          uniq_maurice
D:10:     dpeg_oklobed_lair, bloody_trog, uniq_snorg

Vanquished Creatures
  Snorg
  The ghost of ilikecats the Jinx, a novice VSEn of Dithmenos
  An ugly thing Maurice
  2 centaur zombies Psyche
  A gargoyle
  A kobold demonologist
  A troll
  A two-headed ogre
  8 yaks
  3 wraiths Grum
  A human
  A hungry ghost Eustachio
  A hippogriff
  2 ice beasts
  2 orc warriors
  2 phantoms
  2 black bears
  3 sky beasts
  3 necrophages
  5 ogres
  2 wolves
  5 centaurs
  2 big kobolds
  6 giant frogs
  A wyvern zombie
  2 scorpions
  A troll zombie
  3 killer bees
  4 wights
  5 howler monkeys
  2 electric eels
  3 crimson imps
  5 hounds
  3 jellies
  2 centaur skeletons
  A giant frog zombie
  5 human zombies
  7 orc priests
  3 giant frog skeletons
  A human skeleton
  2 iguanas
  8 worker ants Terence
  11 orc wizards
  A sheep
  3 hound zombies
  2 hound skeletons
  2 worker ant zombies Robin
  8 adders
  2 shadow imps
  An ooze
  An adder zombie
  3 adder skeletons
  3 worms
  A dart slug
  6 giant geckos
  41 orcs
  5 giant cockroaches
  13 goblins
  14 hobgoblins
  2 jackals
  13 kobolds
  6 quokkas
  2 ball pythons
  8 bats
  A giant gecko zombie
  4 giant newts
  A quokka zombie
  8 rats
  A plant
284 creatures vanquished.
